 Dungeon Crawl Stone Soup version 0.32-a0-306-gfed3edf829 (webtiles) character file.

Game seed: 16412623188674034795

16 Bravepunisher the Ducker (level 2, 16/16 HPs)
             Began as a Spriggan Monk on Feb 14, 2024.
             Quit the game on level 6 of the Dungeon.
             The game lasted 00:03:09 (640 turns).

Bravepunisher the Ducker (Spriggan Monk)             Turns: 640, Time: 00:03:09

Health: 16/16      AC:  2    Str:  7    XL:     2   Next: 41%
Magic:  3/3        EV: 19    Int: 11    God:
Gold:   18         SH:  5    Dex: 17    Spells: 1/1 levels left

rFire   . . .        a - +0 short sword
rCold   . . .        (no shield)
rNeg    . . .        b - +0 robe
rPois   .            (helmet restricted)
rElec   .            (no cloak)
rCorr   .            (gloves unavailable)
SInv    +            (boots unavailable)
Will    .....        g - amulet of reflection
Stlth   ++           (no ring)
HPRegen 0.22/turn    (no ring)
MPRegen 0.08/turn

%: reflection
@: very quick
A: very small, no large weapons, unfitting armour, see invisible, speed 3
a: no special abilities


You were on level 6 of the Dungeon.
You visited 1 branch of the dungeon, and saw 7 of its levels.

You collected 18 gold pieces.

Inventory:

Hand Weapons
 a - a +0 short sword (weapon)
Missiles
 j - a throwing net (quivered)
Armour
 b - a +0 robe (worn)
Jewellery
 g - an amulet of reflection (around neck)
Wands
 h - a wand of paralysis (13)
 i - a wand of iceblast (10)
Scrolls
 e - a scroll of identify {unknown}
 f - a scroll of teleportation {unknown}
 k - a scroll of vulnerability {unknown}
 l - a scroll of summoning {unknown}
Potions
 c - a potion of ambrosia


   Skills:
 + Level 2.7 Fighting
 - Level 3.2 Short Blades
 * Level 4.8 Dodging


You had one spell level left.
You didn't know any spells.
Your spell library was empty.

Dungeon Overview and Level Annotations

Branches:
Dungeon (7/15)
 Temple: D:4-7

Altars:
Nemelex Xobeh

Shops:
D:6 =


Innate Abilities, Weirdness & Mutations

You are very small and have problems with some larger weapons.
You are too small for most types of armour.
You have supernaturally acute eyesight. (SInv)
You cover ground extremely quickly. (Speed+++)


Message History

You feel sick.
You are no longer poisoned.
HP restored.
Found an escape hatch in the ceiling.
There is an escape hatch in the ceiling here.
A mysterious force pulls you upwards. The hatch slams shut behind you.
Found 5 stones.
A phantom comes into view.
k - a scroll labelled HEDGHE ZAME LOD You see here a +2 helmet.
There is a stone staircase leading down here.
You climb downwards.
There is a stone staircase leading up here.
l - a scroll labelled MEITAR CEANOCO
There is a stone staircase leading down here.
You climb downwards.
There is a stone staircase leading up here.
Found an escape hatch in the floor.
An ice beast comes into view.
Found a stone staircase leading up.
Found a stone staircase leading down.
An orc comes into view. It is wielding a +0 flail.
The orc shouts!
An orc comes into view. It is wielding a +0 club.
An orc wizard comes into view.
It is wielding a +0 dagger and wearing a +2 robe of fire resistance.
An orc comes into view. It is wielding a +0 hand axe.
The orc shouts!
There is a stone staircase leading up here.
You climb upwards.
There is a stone staircase leading down here.
A wight comes into view. It is wielding a +0 dagger.
The phantom completely misses you.
You hit the phantom.
The phantom is lightly damaged.
The phantom misses you.
As you read the scroll labelled ANYCZEBYUGH, it crumbles to dust.
It is a scroll of enchant armour.
Okay, then.
You block the phantom's attack.
Are you sure you want to abandon this character and quit the game? (Confirm with "yes".)

#...........)......#.# #.#
####.#######. .######.#.####.#
............ ................#
.###.###.############..#####..
.# #.###........## #..# #.# .#
#...z..#####..# #.l# #.#
.#...####.# ##.# ##.#####.#
.#.#.# ...# #.# #.#....<#
.#.#.# #..## #@# #.#.##### .#
#.# #..# #W# #.#.# .# #.# #..#
#^# #.#.# .# #.# #..# #.#
#.#.# .# #z# .# #.# #.#.# .#
#.# #.#.# .# ##.#####.#.# .#
#...#.#..#.# .# #.#.#....#.#


You could see a phantom.

Vanquished Creatures
  An adder (D:6)
  A dart slug (D:1)
  A giant cockroach (D:1)
  A ball python (D:1)
4 creatures vanquished.

Notes
Turn   | Place    | Note
-------+----------+-------------------------------------------
     0 | D:1      | Bravepunisher the Spriggan Monk began the quest for the
                  | Orb.
     0 | D:1      | Reached XP level 1. HP: 11/11 MP: 2/2
    71 | D:2      | Found a sparkling altar of Nemelex Xobeh.
   140 | D:5      | Entered Level 5 of the Dungeon
   147 | D:5      | Noticed a scorpion
   180 | D:6      | Found Plog's Jewellery Emporium.
   181 | D:6      | Noticed a phantom
   209 | D:6      | Noticed an iguana
   269 | D:6      | Reached XP level 2. HP: 8/16 MP: 3/3
   328 | D:5      | Noticed a phantom
   561 | D:7      | Noticed an ice beast
   617 | D:6      | Noticed a wight
   640 | D:6      | Quit the game

Illustrated notes

Levels and vault maps discovered:
D:1:      minmay_arrival_glassed_features, layout_loops_corners
D:2:      layout_loops_ring, basic_altar
D:3:      minmay_general_purpose_star, layout_rooms,
          nicolae_ru_the_path_less_chosen, vehumet_statue,
          serial_co_window_serial, co_window_paths_a, co_window_corner_a,
          co_window_of_opportunity_a, co_window_of_opportunity_a,
          co_window_corner_a, co_window_paths_a, co_window_paths_b,
          co_window_of_opportunity_a, co_window_paths_b, co_window_corner_b,
          co_window_cross_2, co_window_of_opportunity_c,
          co_window_of_opportunity_b, co_window_broadway_a, co_window_4corner_a
D:4:      layout_basic, lemuel_zombie_altar_yredelemnul, temple_green,
          uniq_edmund, uniq_robin, uniq_pikel, uniq_eustachio, uniq_duvessa
D:5:      layout_rooms, gammafunk_ghost_arena, serial_co_window_serial,
          co_window_corner_a, co_window_paths_a, co_window_corner_a,
          co_window_of_opportunity_a, co_window_paths_a,
          co_window_unsneaky_path_d, co_window_corner_b, co_window_cross_2,
          co_window_broadway_c, co_window_paths_e, co_window_4corner_a,
          glass_columns_a
D:6:      layout_basic, serial_shops, shop, dk_rats_in_the_wall
D:7:      layout_loops_cross, feat_on_display

Action                     || total
---------------------------++-------
  Melee: Short sword       ||    27
    Use: Scroll            ||     1
 Armour: Robe              ||     4
  Dodge: Dodged            ||    23
  Block: Other             ||     7

Table legend: (Time is in decaauts)
 A = Elapsed time spent in this place.
 B = Non-inter-level travel time spent in this place.
 C = Inter-level travel time spent in this place.
 D = Time resting spent in this place.
 E = Time spent auto-exploring this place.
 F = Levels seen in this place.
 G = Mean time per level.
                   A        B        C        D        E       F      G
               +--------+--------+--------+--------+--------+-----+--------+
         Total |    420 |    420 |      0 |      0 |    131 |   7 |   60.0 |
       Dungeon |    420 |    420 |      0 |      0 |    131 |   7 |   60.0 |
               +--------+--------+--------+--------+--------+-----+--------+

Top non-repeatable levels by time:
     D:6: 207 daAuts
     D:5: 92 daAuts
     D:2: 52 daAuts
     D:1: 29 daAuts
     D:7: 24 daAuts
     D:4: 8 daAuts
     D:3: 5 daAuts
